 Dungeon Crawl Stone Soup version 0.27.1-2-g3b301248ec (webtiles) character file.

Game seed: 9162172762917251689

30 BobTheBalder the Conjurer (level 3, 0/21 HPs)
             Began as an Octopode Conjurer on Sept 29, 2021.
             Was a Follower of Yredelemnul.
             Slain by a kobold (2 damage)
             ... on level 2 of the Dungeon.
             The game lasted 00:03:23 (1347 turns).

BobTheBalder the Conjurer (Octopode Conjurer)       Turns: 1347, Time: 00:03:24

Health: 0/21       AC:  1    Str:  6    XL:     3   Next: 20%
Magic:  6/6        EV: 13    Int: 21    God:    Yredelemnul [*.....]
Gold:   10         SH:  0    Dex: 10    Spells: 3/6 levels left

rFire    . . .     SeeInvis .   c - +3 dagger
rCold    . . .     Faith    .   (no shield)
rNeg     . . .     Spirit   .   (helmet restricted)
rPois    .         Reflect  .   (no amulet)
rElec    .         Harm     .   (no ring)
rCorr    .         Rampage  .   (no ring)
Will     .....                  (no ring)
Stlth    +++.......             (no ring)
HPRegen  0.07/turn              (no ring)
MPRegen  0.10/turn              (no ring)
                                (no ring)
                                (no ring)

@: lethally poisoned (0 -> -2)
A: almost no armour, amphibious, 8 rings, camouflage 1, gelatinous body 1,
(nimble swimmer 1), tentacles
a: Renounce Religion, Animate Remains


You were on level 2 of the Dungeon.
You worshipped Yredelemnul.
Yredelemnul was aware of your devotion.
You visited 1 branch of the dungeon, and saw 2 of its levels.

You collected 10 gold pieces.

Inventory:

Hand Weapons
 b - a +0 club
 c - a +3 dagger (weapon)
Scrolls
 d - a scroll of enchant armour {unknown}
Potions
 a - a potion of invisibility {unknown}
 e - a potion of might {unknown}
 f - a potion of flight {unknown}


   Skills:
 + Level 2.4 Dodging
 + Level 3.2 Stealth
 * Level 2.4 Spellcasting
 * Level 4.3 Conjurations


You had 3 spell levels left.
You knew the following spells:

 Your Spells              Type           Power      Damage    Failure   Level
a - Magic Dart            Conj           80%        1d7       2%          1
b - Searing Ray           Conj           40%        3d4       3%          2

Your spell library contained the following spells:

 Spells                   Type           Power      Damage    Failure   Level
 Summon Small Mammal      Summ           8%         N/A       14%         1
 Dazzling Flash           Conj/Hex       22%        N/A       17%         3
 Fulminant Prism          Conj/Hex       5%         3d7       50%         4
 Iskenderun's Mystic Bla  Conj/Tloc      11%        2d4       50%         4


Dungeon Overview and Level Annotations

Branches:
Dungeon (2/15)

Altars:
Yredelemnul

Shops:
D:1 *


Innate Abilities, Weirdness & Mutations

You cannot wear most types of armour.
You are amphibious.
You can wear up to eight rings at the same time.
Your skin changes colour to match your surroundings (Stealth+).
Your rubbery body absorbs attacks. (AC +1, EV +1)
((You are camouflaged near water. (Stealth+)))
You have tentacles for arms and can constrict up to eight enemies at once.


Message History

You are poisoned.
You swap places.
You feel sick.
You feel sick.
You feel sick.
You feel sick.
You can't see any susceptible monsters within range! (Use Z to cast anyway.)
You feel sick.
The magic dart hits the endoplasm.
The endoplasm is severely wounded.
You feel sick.
You are no longer poisoned.
A hobgoblin comes into view.
The endoplasm hits your ball python zombie.
The endoplasm hits your ball python zombie.
Your ball python zombie bites the endoplasm.
The endoplasm barely misses your ball python zombie.
Your ball python zombie barely misses the endoplasm.
The endoplasm hits your ball python zombie.
Your ball python zombie bites the endoplasm.
The endoplasm dies!
Yredelemnul accepts your kill.
The kobold throws a poisoned dart.
The poisoned dart barely misses your ball python zombie.
The poisoned dart hits you!
You are poisoned.
You feel sick.
The kobold hits your ball python zombie with a +0 short sword.
Your ball python zombie is destroyed!
You feel sick.
You feel sick.
You feel sick.
You feel sick.
The kobold hits you with a +0 short sword.
* * * LOW HITPOINT WARNING * * *
There is a stone staircase leading up, spattered with blood here.
* * * LOW HITPOINT WARNING * * *
You feel sick.
The kobold hits you with a +0 short sword.
You die...
Your body rises from the dead as a mindless zombie.

#.###.# ... #.# #.#
#.# #.# #.# #.#
#.###.#######.##
#...#..........#
###.#.......#..# #
#.#...#......# #J#
#.#.#.#.#..).# ..
#.....#.#@K###.#####
##..>.....g.........
###.##.#..###.#####
#.##.#......#
#.##.#..#####
#.##.#..# #.##.#..#
##.##.#..#
#.....####


You could see a hobgoblin and a kobold.

Vanquished Creatures
  A dart slug (D:1)
  3 ball pythons
  2 endoplasms
  2 giant cockroaches (D:1)
  4 hobgoblins (D:1)
  3 bats (D:1)
  A frilled lizard (D:1)
  3 goblins (D:1)
  3 kobolds
  3 rats (D:1)
25 creatures vanquished.

Vanquished Creatures (collateral kills)
  An endoplasm (D:2)
1 creature vanquished.

Vanquished Creatures (others)
  A ball python zombie (D:2)
  A fungus (D:1)
  A plant (D:1)
3 creatures vanquished.

Grand Total: 29 creatures vanquished

Notes
Turn   | Place    | Note
-------+----------+-------------------------------------------
     0 | D:1      | BobTheBalder the Octopode Conjurer began the quest for the
                  | Orb.
     0 | D:1      | Reached XP level 1. HP: 11/11 MP: 3/3
   338 | D:1      | Reached XP level 2. HP: 14/17 MP: 0/5
   476 | D:1      | Learned a level 2 spell: Searing Ray
   602 | D:1      | Found Dimirghis's General Store.
   812 | D:1      | Found a faded altar of an unknown god.
   823 | D:1      | Got Plato's Volume of Companions
   824 | D:1      | Became a worshipper of Yredelemnul the Dark
   824 | D:1      | Reached * piety under Yredelemnul
   944 | D:1      | Reached XP level 3. HP: 21/21 MP: 2/6
  1347 | D:2      | Slain by a kobold

Illustrated notes

Levels and vault maps discovered:
D:1:      dpeg_arrival_rooms_b, layout_basic,
          shapermc_ecumenical_altar_rom_forum, serial_shops, nicolae_shop_trees
D:2:      layout_basic

Skill      XL: |  1 |
---------------+----+-----
Stealth        | 3 |  3.2
Dodging        | |  2.4
Spellcasting   | |  2.4
Conjurations   | |  4.3

Action                   || total
-------------------------++-------
 Cast: Magic Dart        ||    43
Invok: Animate Remains   ||     1
Armor: Skin              ||     1
